 Dungeon Crawl Stone Soup version 0.19.0-19-g8c6edcc (webtiles) character file.

1694 McCoppin the Sneak (level 9, -17/58 HPs)
             Began as an Octopode Assassin on Nov 14, 2016.
             Was a Follower of Kikubaaqudgha.
             Killed from afar by kroki's ghost (29 damage)
             ... with a bolt of negative energy
             ... on level 7 of the Dungeon.
             The game lasted 00:22:08 (6789 turns).

McCoppin the Sneak (Octopode Assassin)              Turns: 6789, Time: 00:22:10

Health: -17/58     AC:  4    Str:  8 (11) XL:     9   Next: 2%
Magic:  13/15      EV: 16    Int: 10 (13) God:    Kikubaaqudgha [*.....]
Gold:   295        SH:  6    Dex: 15 (16) Spells: 1 memorised, 13 levels left

rFire  . . .     SeeInvis .     u - +2 dagger (speed)
rCold  . . .     Gourm    .     p - +1 buckler
rNeg   . . .     Faith    .     (helmet restricted)
rPois  +         Spirit   .     (no amulet)
rElec  .         Reflect  .     e - +2 ring of evasion
rCorr  .         Harm     .     I - ring of poison resistance
MR     .....                    w - +3 ring of protection
Stlth  ++++......               (no ring)
                                (no ring)
                                (no ring)
                                (no ring)
                                (no ring)

@: regenerating (expiring), drained
A: almost no armour, stealthy swim, amphibious, 8 rings, constrict 8, camouflage
1, gelatinous body 1
a: Receive Corpses, Renounce Religion


You were on level 7 of the Dungeon.
You worshipped Kikubaaqudgha.
Kikubaaqudgha was aware of your devotion.
You were not hungry.

You visited 2 branches of the dungeon, and saw 8 of its levels.

You collected 295 gold pieces.

Inventory:

Hand Weapons
 a - a +2 dagger
 b - a +0 blowgun
 k - a +1 dagger of flaming
 m - a +2 dagger of venom
 u - a +2 dagger of speed (weapon)
 C - the +5 flail of Paper {venom, rN+ MR+}
   (You found it on level 5 of the Dungeon)

   It poisons the flesh of those it strikes.
   It protects you from negative energy.
   It affects your resistance to hostile enchantments.
Missiles
 c - 28 poisoned needles
 d - 2 curare-tipped needles
Armour
 p - a +1 buckler (worn)
Jewellery
 e - a +2 ring of evasion (left tentacle)
 w - a +3 ring of protection (on tentacle)
 I - a ring of poison resistance (right tentacle)
Wands
 n - a wand of digging (7/24)
 E - a wand of random effects (32/48)
Scrolls
 g - 2 scrolls of teleportation
 j - 3 scrolls of enchant armour
 o - 2 scrolls of remove curse
 q - a scroll of magic mapping {unknown}
 s - 2 scrolls of enchant weapon {unknown}
 t - a scroll of amnesia {unknown}
 v - 2 scrolls of immolation {unknown}
 y - a scroll of blinking {unknown}
 A - 2 scrolls of random uselessness {unknown}
 F - 2 scrolls of identify
Potions
 l - a potion of brilliance {unknown}
 z - 2 potions of heal wounds {unknown}
 D - a potion of curing {unknown}
Books
 G - Kikubaaqudgha's Almanac of Unholy Secrets
   (Kikubaaqudgha gifted it to you on level 6 of the Dungeon)

   Spells                             Type                      Level
   a - Pain                           Necromancy                   1
   b - Corpse Rot                     Necromancy                   2
   c - Sublimation of Blood           Necromancy                   2
   d - Regeneration                   Charms/Necromancy            3
   e - Control Undead                 Necromancy                   4
Comestibles
 f - 7 bread rations
 h - 3 beef jerkies
 i - a slice of pizza
 x - 4 fruits
 B - 2 meat rations


   Skills:
 + Level 4.1(3.5) Fighting
 - Level 3.9(3.2) Short Blades
 - Level 2.0(1.4) Throwing
 - Level 3.6(3.0) Dodging
 - Level 7.0(6.3) Stealth
 + Level 3.2(2.6) Shields
 - Level 4.4(3.8) Spellcasting
 + Level 5.9(5.2) Necromancy


You had 13 spell levels left.
You knew the following spells:

 Your Spells              Type           Power        Failure   Level  Hunger
a - Regeneration          Chrm/Necr      #.........   34%         3    ###....


Dungeon Overview and Level Annotations

Branches:
Dungeon (7/15)             Temple (1/1) D:5

Altars:
Cheibriados
Kikubaaqudgha
Ru
Trog

Annotations:
D:4 Menkaure
D:6 Edmund
D:7 exclusion: centaur, kroki's ghost, novice DrIE


Innate Abilities, Weirdness & Mutations

You cannot wear most types of armour.
You are very stealthy in the water. (Stealth+)
You are amphibious.
You can wear up to eight rings at the same time.
You can use your tentacles to constrict eight enemies at once.
Your skin changes colour to match your surroundings (Stealth+).
Your rubbery body absorbs attacks. (AC +1, EV +1)


Message History

Kroki's ghost hits you!
You hit kroki's ghost but do no damage.
Kroki's ghost is lightly damaged.
You hit kroki's ghost.
Kroki's ghost is moderately damaged.
Kroki's ghost closely misses you.
You closely miss kroki's ghost.
Kroki's ghost is moderately damaged.
You closely miss kroki's ghost. Your squeeze misses kroki's ghost.
Kroki's ghost is moderately damaged.
Kroki's ghost hits you!
* * * LOW HITPOINT WARNING * * *
It was a potion of degeneration.
There was something very wrong with that liquid.
You feel weakened.
You feel dopey.
You feel clumsy.
Kroki's ghost breathes negative energy at you.
The bolt of negative energy hits you!
You feel drained.
Ouch! That really hurt!
You die...
Kikubaaqudgha rasps: "You have failed me!
Welcome... death!"

#.......#..##.##...........
#.........[##.##.........Y.
##.....#.......#.....h.##.#
##............#.......##.
###..................... ###
#..................# #.###
##............#...## #..[##
#...W........# ..### #.#..#
#....@.......#.....# #.##.#
#.........##.#...#
#.##.###.........##...#.#
#.##..##.........##...#.#
#.###.##.)...........##>##
#.###..###.###...........#
#<...#.<...##.....#####..####
####.###.......##.>..........
#######..............###........


You could see kroki's ghost.

Vanquished Creatures
  Prince Ribbit (D:6)
  An ice beast (D:7)
  A hornet zombie (D:7)
  2 ogres (D:7)
  A necrophage (D:7)
  2 centaurs
  3 bullfrogs
  A wyvern skeleton (D:7)
  2 howler monkeys
  2 crimson imps
  A bullfrog zombie (D:7)
  A hound (D:5)
  A centaur skeleton (D:7)
  3 orc wizards
  8 worker ants
  4 adders
  An ooze (D:3)
  An adder zombie (D:5)
  2 adder skeletons
  2 worms (D:5)
  2 dart slugs
  8 leopard geckos
  6 orcs
  4 ball pythons (D:3)
  7 bats
  A bat zombie (D:3)
  6 giant cockroaches
  7 goblins
  5 hobgoblins
  11 jackals
  5 quokkas
  5 frilled lizards
  10 kobolds
  A quokka skeleton (D:5)
  7 rats
  3 rat zombies (D:3)
128 creatures vanquished.

Vanquished Creatures (others)
  4 toadstools (D:1)
4 creatures vanquished.

Grand Total: 132 creatures vanquished

Notes
Turn   | Place    | Note
-------+----------+-------------------------------------------
     0 | D:1      | McCoppin the Octopode Assassin began the quest for the Orb.
     0 | D:1      | Reached XP level 1. HP: 14/14 MP: 1/1
   165 | D:1      | Reached XP level 2. HP: 19/19 MP: 2/2
   187 | D:1      | Reached skill level 6 in Stealth
   564 | D:1      | Reached XP level 3. HP: 24/24 MP: 3/3
  1139 | D:2      | Reached skill level 7 in Stealth
  1482 | D:2      | Reached skill level 1 in Spellcasting
  1720 | D:3      | Reached XP level 4. HP: 23/29 MP: 5/5
  2156 | D:3      | Found an ancient bone altar of Kikubaaqudgha.
  2165 | D:3      | Became a worshipper of Kikubaaqudgha
  2507 | D:3      | Found a bloodstained altar of Trog.
  3333 | D:4      | Noticed Menkaure
  3354 | D:4      | Reached XP level 5. HP: 34/34 MP: 7/7
  3500 | D:4      | Reached skill level 1 in Necromancy
  3589 | D:5      | Entered Level 5 of the Dungeon
  3632 | D:5      | Noticed a centaur
  3640 | D:5      | Killed a centaur
  3640 | D:5      | Reached XP level 6. HP: 30/39 MP: 9/9
  3869 | D:5      | Got a crystal flail
  3870 | D:5      | Identified the +5 flail of Paper {venom, rN+ MR+} (You found it on level 5 of the Dungeon)
  4454 | D:5      | Found a staircase to the Ecumenical Temple.
  4552 | D:5      | Reached XP level 7. HP: 36/45 MP: 11/11
  4590 | D:5      | Found a snail-covered altar of Cheibriados.
  4591 | D:5      | Found a sacrificial altar of Ru.
  4820 | Temple   | Entered the Ecumenical Temple
  5092 | D:6      | Noticed Edmund
  5173 | D:6      | Noticed Prince Ribbit
  5177 | D:6      | Killed Prince Ribbit
  5259 | D:6      | Reached XP level 8. HP: 32/50 MP: 14/14
  5523 | D:6      | Reached * piety under Kikubaaqudgha
  5523 | D:6      | Identified Kikubaaqudgha's Almanac of Unholy Secrets (Kikubaaqudgha gifted it to you on level 6 of the Dungeon)
  5523 | D:6      | Received a gift from Kikubaaqudgha
  5529 | D:6      | Learned a level 3 spell: Regeneration
  5551 | D:6      | Noticed a troll
  5646 | D:7      | Reached skill level 1 in Shields
  5689 | D:7      | Reached skill level 5 in Necromancy
  6508 | D:7      | Reached XP level 9. HP: 13/58 MP: 15/15
  6535 | D:7      | Noticed kroki's ghost (novice DrIE)
  6789 | D:7      | Killed from afar by kroki's ghost

Skill      XL: |  1  2  3  4  5  6  7  8 |
---------------+-------------------------+-----
Stealth        | 6 7 |  7.0
Spellcasting   | 1 2 3 4 |  4.4
Short Blades   | 3 |  3.9
Necromancy     | 2 3 4 5 |  5.9
Dodging        | 3 |  3.6
Shields        | 3 |  3.2
Fighting       | 4 |  4.1
Throwing       | |  2.0

Action                   |  1- 3 |  4- 6 |  7- 9 || total
-------------------------+-------+-------+-------++-------
Melee: Dagger            |    75 |   114 |   148 ||   337
       Constrict         |    12 |    22 |    18 ||    52
       Tentacles         |     6 |    16 |    37 ||    59
 Cast: Regeneration      |       |       |     1 ||     1
  Use: Scroll            |       |     1 |     3 ||     4
       Potion            |       |     1 |     2 ||     3
 Stab: Sleeping          |    17 |    21 |     9 ||    47
       Distracted        |     1 |       |     2 ||     3
  Eat: Chunk             |     2 |     4 |     3 ||     9
       Bread ration      |       |     1 |       ||     1
       Beef jerky        |       |       |     3 ||     3
Armor: Skin              |     6 |     2 |     4 ||    12
Dodge: Dodged            |    24 |    45 |    33 ||   102
Block: Buckler           |       |     8 |    21 ||    29
